Map: Nightshade LE

Players

Astrea

  • Race: Protoss Protoss
  • Spawn Location: 11:00

ShoWTimE - Winner!

  • Race: Protoss Protoss
  • Spawn Location: 5:00

Event: IEM Katowice 2020

VOD

Have the link to the VOD?

Description

Time

  • Played on: Feb. 24, 2020, 8:21 a.m.
  • Length: 10:48

All games in this series

Show
View Real Time Build Order
Export as new Build Order

Astrea Protoss 

Build Orders: Phoenix Opening, Zealot Archon 

Get SALT Encoding   

  12  0:00  Probe  
  13  0:12  Probe  
  14  0:17  Pylon  
  14  0:25  Probe (Chrono Boost)  
  16  0:36  Gateway  
  16  0:37  Probe (Chrono Boost)  
  16  0:43  Probe (Chrono Boost)  
  16  0:45  Assimilator  
  17  0:51  Probe  
  17  0:54  Assimilator  
  18  1:03  Probe (Chrono Boost)  
  19  1:06  Gateway  
  19  1:12  Probe (Chrono Boost)  
  19  1:17  Probe (Chrono Boost)  
  20  1:23  Cybernetics Core  
  21  1:29  Probe  
  22  1:34  Pylon  
  22  1:41  Probe  
  23  1:54  Probe  
  24  2:00  Warp Gate (Chrono Boost), Sentry, Stalker  
  28  2:11  Pylon  
  28  2:14  Probe  
  29  2:29  Stalker  
  31  2:33  Probe, Phoenix  
  31  2:44  Nexus  
  31  2:48  Probe  
  34  2:51  Sentry  
  34  3:00  Probe, Sentry  
  34  3:03  Pylon  
  37  3:12  Probe  
  38  3:15  Shield Battery  
  38  3:24  Probe (Chrono Boost)  
  39  3:28  Robotics Facility  
  39  3:36  Probe (Chrono Boost)  
  40  3:41  Adept  
  40  3:42  Adept  
  40  3:43  Probe (Chrono Boost)  
  45  3:53  Probe (Chrono Boost)  
  46  3:55  Forge  
  46  3:57  Probe (Chrono Boost)  
  47  4:07  Probe (Chrono Boost)  
  47  4:08  Probe (Chrono Boost)  
  49  4:15  Probe (Chrono Boost)  
  51  4:17  Observer  
  51  4:23  Probe (Chrono Boost)  
  53  4:26  Probe (Chrono Boost)  
  53  4:30  Probe x2 (Chrono Boost)  
  54  4:34  Protoss Ground Weapons Level 1 (Chrono Boost)  
  54  4:38  Assimilator  
  53  4:40  Assimilator  
  53  4:41  Probe x2, Immortal  
  59  4:53  Probe x2  
  59  4:58  Twilight Council  
  61  5:01  Pylon  
  61  5:05  Probe x2  
  61  5:10  Gateway  
  61  5:11  Gateway  
  61  5:14  Pylon  
  61  5:21  Immortal  
  65  5:30  Zealot  
  67  5:43  Charge  
  67  5:45  Templar Archives  
  67  5:49  Gateway  
  67  5:52  Gateway  
  67  5:54  Pylon, Observer  
  67  6:01  Warp Prism  
  69  6:14  Nexus  
  69  6:15  Pylon  
  69  6:21  Gateway  
  69  6:22  Protoss Ground Weapons Level 2 (Chrono Boost)  
  69  6:23  Gateway  
  69  6:34  High Templar  
  69  6:35  High Templar, Zealot x2  
  69  6:39  Archon  
  77  6:50  High Templar x2  
  77  6:51  Pylon x2  
  81  6:56  Pylon, Archon  
  80  7:03  Probe  
  81  7:12  Probe  
  80  7:15  Probe  
  80  7:17  High Templar x2, Zealot x2  
  80  7:18  Zealot x2  
  92  7:23  Archon  
  92  7:24  Probe  
  92  7:26  Probe  
  92  7:28  Probe  
  94  7:36  Probe  
  95  7:38  Probe  
  95  7:40  Probe  
  95  7:42  High Templar  
  95  7:43  Zealot x2  
  103  7:48  High Templar  
  103  7:49  Probe, Zealot  
  108  7:52  Archon  
  108  7:57  Zealot x3  
  114  8:07  Observer  
  114  8:09  Zealot x3  
  120  8:15  Pylon  
  120  8:16  High Templar, Pylon  
  120  8:17  High Templar  
  124  8:24  Archon  
  124  8:32  Pylon  
  124  8:33  Zealot x4  
  132  8:34  Zealot  
  132  8:35  Zealot  
  136  8:52  High Templar x2  
  136  8:55  Zealot x4  
  148  8:57  Archon  
  148  8:59  Pylon  
  148  9:00  Pylon  
  144  9:11  Probe x3  
  147  9:21  Assimilator  
  147  9:22  Gateway  
  147  9:23  Gateway, Assimilator  
  147  9:24  Probe x3  
  150  9:26  Observer  
  150  9:30  High Templar x2  
  154  9:36  Pylon  
  154  9:38  Pylon  
  154  9:39  Archon  
  154  9:44  Zealot x4  
  162  9:54  High Templar x2  
  162  9:58  Archon  
  166  10:00  Shield Battery  
  166  10:06  Zealot x2  
  166  10:07  Zealot x4  
  178  10:20  Zealot x2  
  149  10:28  Zealot x5  
  101  10:31  Zealot  
  101  10:34  Zealot  
Show
View Real Time Build Order
Export as new Build Order

ShoWTimE Protoss - Winner!

Build Orders: Phoenix Opening, Zealot Archon 

Get SALT Encoding   

  12  0:00  Probe  
  13  0:12  Probe  
  14  0:17  Pylon  
  14  0:24  Probe (Chrono Boost)  
  15  0:36  Probe (Chrono Boost), Gateway  
  16  0:44  Probe (Chrono Boost)  
  16  0:46  Assimilator  
  17  0:51  Probe  
  17  0:54  Assimilator  
  18  1:03  Probe (Chrono Boost)  
  19  1:07  Gateway  
  19  1:14  Probe (Chrono Boost)  
  20  1:19  Probe (Chrono Boost)  
  20  1:24  Cybernetics Core  
  21  1:29  Probe  
  22  1:35  Pylon  
  22  1:41  Probe  
  23  1:53  Probe  
  24  1:59  Warp Gate (Chrono Boost)  
  24  2:01  Stalker x2  
  28  2:11  Probe  
  28  2:12  Pylon  
  29  2:31  Sentry  
  29  2:32  Sentry  
  33  2:46  Nexus  
  33  2:49  Probe  
  34  3:01  Probe, Robotics Facility  
  35  3:07  Phoenix  
  35  3:13  Probe (Chrono Boost)  
  35  3:17  Pylon  
  36  3:24  Probe (Chrono Boost)  
  37  3:29  Probe (Chrono Boost)  
  38  3:40  Probe  
  38  3:41  Sentry, Stalker  
  43  3:42  Forge  
  43  3:50  Observer  
  43  3:54  Probe (Chrono Boost)  
  45  3:58  Probe (Chrono Boost)  
  46  4:06  Stalker  
  46  4:08  Probe x2 (Chrono Boost)  
  50  4:12  Protoss Ground Weapons Level 1 (Chrono Boost)  
  50  4:13  Probe (Chrono Boost)  
  50  4:16  Probe  
  52  4:20  Shield Battery  
  52  4:22  Adept  
  54  4:25  Probe  
  54  4:28  Probe  
  55  4:37  Probe, Twilight Council  
  54  4:40  Probe  
  54  4:42  Shield Battery  
  55  4:49  Probe, Adept  
  55  4:52  Probe  
  58  4:55  Shield Battery  
  57  5:01  Probe  
  57  5:04  Probe  
  59  5:12  Pylon, Assimilator  
  59  5:13  Probe  
  60  5:15  Assimilator  
  60  5:16  Probe  
  61  5:22  Gateway  
  61  5:25  Probe, Gateway  
  62  5:28  Observer  
  62  5:30  Probe, Warp Prism (Chrono Boost)  
  65  5:42  Charge  
  65  5:44  Templar Archives  
  65  5:48  Pylon  
  65  5:57  Pylon  
  63  6:08  Shield Battery  
  63  6:10  Gateway  
  63  6:12  Gateway  
  63  6:15  Gateway  
  63  6:19  Pylon  
  63  6:25  Gateway  
  63  6:29  High Templar x4  
  71  6:34  Archon  
  71  6:35  Archon  
  71  6:38  Pylon  
  71  6:39  Protoss Ground Weapons Level 2 (Chrono Boost)  
  71  6:42  Nexus  
  71  6:51  Pylon  
  71  7:02  Zealot x4  
  79  7:14  Zealot x3  
  85  7:21  Pylon  
  85  7:22  Phoenix  
  81  7:35  High Templar x3  
  81  7:36  Observer  
  87  7:38  High Templar, Zealot x3  
  87  7:39  Zealot  
  87  7:42  Archon  
  87  7:43  Archon, Pylon  
  97  7:51  Probe x2  
  99  7:55  Pylon  
  99  7:59  Zealot x3  
  105  8:08  High Templar x2, Zealot x2  
  113  8:14  Archon, Zealot  
  113  8:17  Pylon  
  115  8:30  Zealot x4  
  123  8:34  Pylon  
  123  8:35  High Templar x2  
  123  8:40  Archon  
  127  8:47  Zealot x2  
  131  8:53  Zealot x4  
  139  9:11  Pylon  
  139  9:12  High Templar x2, Zealot  
  139  9:13  Zealot  
  146  9:18  Archon  
  146  9:20  Zealot x4  
  155  9:24  Observer (Chrono Boost)  
  155  9:31  Pylon  
  155  9:33  Pylon  
  155  9:35  Probe x3  
  158  9:39  High Templar  
  158  9:40  High Templar, Zealot  
  158  9:44  Archon, Pylon  
  164  9:49  Pylon  
  164  9:57  Zealot x4  
  164  9:59  Zealot  
  174  10:03  Zealot  
  176  10:21  Zealot x7  
  142  10:24  Zealot  
  98  10:42  Zealot x4  
  96  10:46  Zealot x4  

Tags
 
Add a new tag
Caveats
  • Supply blocks, unpowered buildings, or Contaminate may cause inaccurate times.
  • Supply counts are checked every 10 seconds.